TOP OF THE 1ST |
Decatur Commodores batting - Pitching for Quincy Cubs : RHP Michael Polvi
|
Pitching: RHP Michael Polvi
|
|
Batting: SHB Rondin Johnson
|
0-0: Ball 1-0: Ball 2-0: Ball 3-0: Ground out U3 (Groundball, 3, EV 79.4 MPH)
|
Batting: LHB David Showalter
|
0-0: DOUBLE (Flyball, 8LXD, EV 97.5 MPH)
|
Batting: SHB Daniel Wieser
|
0-0: Ball 1-0: Foul Ball, location: 2F 1-1: Foul Ball, location: 2F 1-2: Foul Ball, location: 2F 1-2: Ball 2-2: Fly out, F8 (Flyball, 8RXD, EV 85.6 MPH) Runner from 2nd tags up, SAFE at 3rd, no throw by CF
|
Batting: LHB Russ Laribee
|
0-0: Ball 1-0: 2-RUN HOME RUN (Flyball, 9LD, EV 97.5 MPH), Distance : 368 ft
|
Batting: LHB Russ Aldrich
|
0-0: Ball 1-0: Ball 2-0: Foul Ball, location: 2F 2-1: Ball 3-1: Base on Balls
|
Batting: LHB Jerry Miller
|
0-0: Ball 1-0: Called Strike 1-1: Foul Ball, location: 2F 1-2: Fielders Choice at 2nd, 6-4 (Groundball, 6, EV 78.8 MPH)
|
Top of the 1st over - 2 runs, 2 hits, 0 errors, 1 left on base; Decatur 2 - Quincy 0 |
BOTTOM OF THE 1ST |
Quincy Cubs batting - Pitching for Decatur Commodores : RHP Ty Hubbard
|
Pitching: RHP Ty Hubbard
|
|
Batting: RHB Andrew Walker
|
0-0: Foul Ball, location: 2F 0-1: Called Strike 0-2: Strikes out looking
|
Batting: RHB Billy Best
|
0-0: Foul Ball, location: 2F 0-1: Ball 1-1: Foul Ball, location: 2F 1-2: Fly out, F8 (Flyball, 8RM, EV 83.8 MPH)
|
Batting: RHB Jack Ayer
|
0-0: Ball 1-0: Reached on error, E4 (Groundball, 4, EV 85.0 MPH)
|
Batting: RHB Wes Clements
|
0-0: Called Strike Jack Ayer is caught stealing 2nd base 2-4
|
Bottom of the 1st over - 0 runs, 0 hits, 1 error, 0 left on base; Decatur 2 - Quincy 0 |
TOP OF THE 2ND |
Decatur Commodores batting - Pitching for Quincy Cubs : RHP Michael Polvi
|
Batting: LHB Tom Sohns
|
0-0: Foul Ball, location: 2F 0-1: Called Strike 0-2: Foul Ball, location: 2F 0-2: Ball 1-2: Foul Ball, location: 2F 1-2: Strikes out swinging
|
Batting: LHB Samuel Taves
|
0-0: Ball 1-0: Ground out 4-3 (Groundball, 4, EV 83.8 MPH)
|
Batting: RHB Michael Melton
|
0-0: Ball 1-0: Called Strike 1-1: Called Strike 1-2: Ball 2-2: Ball 3-2: Base on Balls
|
Batting: SHB Rondin Johnson
|
0-0: Called Strike 0-1: Fly out, F3 (Line Drive, 3, EV 62.5 MPH)
|
Top of the 2nd over - 0 runs, 0 hits, 0 errors, 1 left on base; Decatur 2 - Quincy 0 |
BOTTOM OF THE 2ND |
Quincy Cubs batting - Pitching for Decatur Commodores : RHP Ty Hubbard
|
Batting: RHB Wes Clements
|
0-0: Swinging Strike 0-1: Ball 1-1: Swinging Strike 1-2: Ball 2-2: Ball 3-2: Base on Balls
|
Batting: RHB Andre Robertson
|
0-0: Fly out, F9 (Flyball, 9S, EV 71.9 MPH)
|
Batting: RHB Tom Thurberg
|
0-0: Called Strike 0-1: Ball 1-1: Called Strike 1-2: Strikes out looking
|
Batting: RHB James McIntyre
|
0-0: Ball 1-0: Called Strike 1-1: Ball 2-1: Foul Ball, location: 2F 2-2: Foul Ball, location: 2F 2-2: Foul Ball, location: 2F 2-2: Foul Ball, location: 2F 2-2: Ground out 5-3 (Groundball, 56S, EV 74.4 MPH)
|
Bottom of the 2nd over - 0 runs, 0 hits, 0 errors, 1 left on base; Decatur 2 - Quincy 0 |
TOP OF THE 3RD |
Decatur Commodores batting - Pitching for Quincy Cubs : RHP Michael Polvi
|
Batting: LHB David Showalter
|
0-0: Foul Ball, location: 2F 0-1: Called Strike 0-2: Ball 1-2: Foul Ball, location: 2F 1-2: Foul Ball, location: 2F 1-2: Reached on error, E6 (Groundball, 6, EV 86.9 MPH)
|
Batting: SHB Daniel Wieser
|
0-0: Called Strike 0-1: Foul Ball, location: 2F 0-2: DOUBLE (Line Drive, 89M, EV 95.6 MPH) David Showalter to third
|
Batting: LHB Russ Laribee
|
0-0: Ball 1-0: Ball 2-0: Called Strike 2-1: Fly out, F8 (Line Drive, 8RD, EV 96.9 MPH) Runner from 3rd tags up, SCORES, throw by CF
|
Batting: LHB Russ Aldrich
|
0-0: Ball 1-0: Ball 2-0: Ball 3-0: Called Strike 3-1: Called Strike 3-2: DOUBLE (Line Drive, 7LM, EV 108.8 MPH) Daniel Wieser scores
|
Batting: LHB Jerry Miller
|
0-0: Called Strike 0-1: Ball 1-1: Ball 2-1: SINGLE (Groundball, 56D, EV 105.0 MPH) Russ Aldrich to third Runner from 3rd tries for Home, throw by LF and OUT! 7-2
|
Batting: LHB Tom Sohns
|
0-0: Called Strike 0-1: Ball 1-1: Swinging Strike 1-2: Ground out 4-3 (Groundball, 4, EV 93.1 MPH)
|
Top of the 3rd over - 2 runs, 3 hits, 1 error, 1 left on base; Decatur 4 - Quincy 0 |
BOTTOM OF THE 3RD |
Quincy Cubs batting - Pitching for Decatur Commodores : RHP Ty Hubbard
|
Batting: RHB Paul Serna
|
0-0: Ball 1-0: Fly out, F8 (Flyball, 8RD, EV 102.5 MPH)
|
Batting: RHB Randall Johnson
|
0-0: Ball 1-0: Fly out, F8 (Line Drive, 8LD, EV 96.3 MPH)
|
Batting: RHB Andrew Walker
|
0-0: Ball 1-0: Foul Ball, location: 2F 1-1: Swinging Strike 1-2: Ball 2-2: Fly out, F9 (Flyball, 9, EV 83.8 MPH)
|
Bottom of the 3rd over - 0 runs, 0 hits, 0 errors, 0 left on base; Decatur 4 - Quincy 0 |
TOP OF THE 4TH |
Decatur Commodores batting - Pitching for Quincy Cubs : RHP Michael Polvi
|
Batting: LHB Samuel Taves
|
0-0: Fly out, F9 (Flyball, 89D, EV 108.8 MPH)
|
Batting: RHB Michael Melton
|
0-0: Ball 1-0: Fly out, F8 (Flyball, 89D, EV 101.3 MPH)
|
Batting: SHB Rondin Johnson
|
0-0: SINGLE (Line Drive, 6MD, EV 98.1 MPH)
|
Batting: LHB David Showalter
|
0-0: Called Strike 0-1: Ball 1-1: Called Strike 1-2: Ball 2-2: Ball 3-2: Foul Ball, location: 2F 3-2: SINGLE (Groundball, 3D, EV 103.8 MPH) Rondin Johnson to second Rondin Johnson to third
|
Batting: SHB Daniel Wieser
|
0-0: Ball 1-0: Foul Ball, location: 2F 1-1: Foul Ball, location: 2F 1-2: Ball 2-2: Foul Ball, location: 2F 2-2: Ball 3-2: Ground out 4-3 (Groundball, 4, EV 100.0 MPH)
|
Top of the 4th over - 0 runs, 2 hits, 0 errors, 2 left on base; Decatur 4 - Quincy 0 |
BOTTOM OF THE 4TH |
Quincy Cubs batting - Pitching for Decatur Commodores : RHP Ty Hubbard
|
Batting: RHB Billy Best
|
0-0: Ball 1-0: Called Strike 1-1: Ball 2-1: Ground out 6-3 (Groundball, 6S, EV 77.5 MPH)
|
Batting: RHB Jack Ayer
|
0-0: Ball 1-0: Called Strike 1-1: SOLO HOME RUN (Flyball, 78XD, EV 97.5 MPH), Distance : 410 ft
|
Batting: RHB Wes Clements
|
0-0: Ball 1-0: Ground out 5-3 (Groundball, 5, EV 84.4 MPH)
|
Batting: RHB Andre Robertson
|
0-0: Swinging Strike 0-1: Fly out, F6 (Flyball, 6D, EV 85.0 MPH)
|
Bottom of the 4th over - 1 run, 1 hit, 0 errors, 0 left on base; Decatur 4 - Quincy 1 |
TOP OF THE 5TH |
Decatur Commodores batting - Pitching for Quincy Cubs : RHP Michael Polvi
|
Batting: LHB Russ Laribee
|
0-0: Fly out, F7 (Flyball, 78D, EV 81.9 MPH)
|
Batting: LHB Russ Aldrich
|
0-0: Ball 1-0: Ball 2-0: Foul Ball, location: 2F 2-1: Ball 3-1: SINGLE (Flyball, 34D, EV 94.4 MPH)
|
Batting: LHB Jerry Miller
|
0-0: Ball 1-0: Ball 2-0: Called Strike 2-1: Ground out 3-1 (Groundball, 34S, EV 79.4 MPH) Russ Aldrich to second
|
Batting: LHB Tom Sohns
|
0-0: Called Strike 0-1: Ball 1-1: Ball 2-1: Ball 3-1: Called Strike 3-2: 2-RUN HOME RUN (Flyball, 9D, EV 91.3 MPH), Distance : 366 ft
|
Pitching: RHP Carlos Williams
|
|
Batting: LHB Samuel Taves
|
0-0: Ball 1-0: Called Strike 1-1: Foul Ball, location: 2F 1-2: Fly out, F8 (Line Drive, 8RD, EV 93.8 MPH)
|
Top of the 5th over - 2 runs, 2 hits, 0 errors, 0 left on base; Decatur 6 - Quincy 1 |
BOTTOM OF THE 5TH |
Quincy Cubs batting - Pitching for Decatur Commodores : RHP Ty Hubbard
|
Batting: RHB Tom Thurberg
|
0-0: Ball 1-0: Ball 2-0: Ball 3-0: Called Strike 3-1: Swinging Strike 3-2: Base on Balls
|
Batting: RHB James McIntyre
|
0-0: Ball 1-0: Foul Ball, location: 2F 1-1: Fly out, F7 (Line Drive, 7D, EV 95.0 MPH)
|
Batting: RHB Paul Serna
|
0-0: Foul Ball, location: 2F 0-1: Ball 1-1: Called Strike 1-2: Foul Ball, location: 2F 1-2: Fly out, F4 (Popup, 4M, EV 59.4 MPH)
|
Batting: RHB Randall Johnson
|
0-0: Swinging Strike 0-1: Called Strike 0-2: Ball 1-2: Ground out 5-3 (Groundball, 56S, EV 71.9 MPH)
|
Bottom of the 5th over - 0 runs, 0 hits, 0 errors, 1 left on base; Decatur 6 - Quincy 1 |
TOP OF THE 6TH |
Decatur Commodores batting - Pitching for Quincy Cubs : RHP Carlos Williams
|
Batting: RHB Michael Melton
|
0-0: Ball 1-0: SINGLE (Groundball, 34D, EV 101.3 MPH)
|
Batting: SHB Rondin Johnson
|
0-0: Called Strike 0-1: Foul Ball, location: 2F 0-2: Foul Ball, location: 2F 0-2: Foul Ball, location: 2F 0-2: Ball 1-2: Strikes out looking
|
Batting: LHB David Showalter
|
0-0: Swinging Strike 0-1: Called Strike 0-2: Ball 1-2: Ball 2-2: Foul Ball, location: 2F 2-2: Ball 3-2: Foul Ball, location: 2F 3-2: Base on Balls Michael Melton to second
|
Batting: SHB Daniel Wieser
|
0-0: Ball 1-0: Called Strike 1-1: Ball 2-1: Foul Ball, location: 2F 2-2: Ball 3-2: Foul Ball, location: 2F 3-2: Base on Balls Michael Melton to third David Showalter to second
|
Batting: LHB Russ Laribee
|
0-0: Ball 1-0: Called Strike 1-1: Ball 2-1: Ball 3-1: Grounds into double play, 6-4-3 (Groundball, 6, EV 91.3 MPH)
|
Top of the 6th over - 0 runs, 1 hit, 0 errors, 2 left on base; Decatur 6 - Quincy 1 |
BOTTOM OF THE 6TH |
Quincy Cubs batting - Pitching for Decatur Commodores : RHP Ty Hubbard
|
Batting: RHB Andrew Walker
|
0-0: Ground out 4-3 (Groundball, 4, EV 83.1 MPH)
|
Batting: RHB Billy Best
|
0-0: Swinging Strike 0-1: Ball 1-1: Ball 2-1: Foul Ball, location: 2F 2-2: Fly out, F6 (Popup, 6MS, EV 61.9 MPH)
|
Batting: RHB Jack Ayer
|
0-0: Foul Ball, location: 2F 0-1: Swinging Strike 0-2: SINGLE (Groundball, 56D, EV 98.8 MPH)
|
Batting: RHB Wes Clements
|
0-0: Foul Ball, location: 2F 0-1: Ball 1-1: Called Strike 1-2: Ball 2-2: Fly out, F8 (Line Drive, 8RM, EV 92.5 MPH)
|
Bottom of the 6th over - 0 runs, 1 hit, 0 errors, 1 left on base; Decatur 6 - Quincy 1 |
TOP OF THE 7TH |
Decatur Commodores batting - Pitching for Quincy Cubs : RHP Carlos Williams
|
Batting: LHB Russ Aldrich
|
0-0: Ball 1-0: SINGLE (Line Drive, 78S, EV 90.6 MPH)
|
Batting: LHB Jerry Miller
|
0-0: SINGLE (Groundball, 6S, EV 74.4 MPH) (infield hit) Russ Aldrich to second
|
Batting: LHB Tom Sohns
|
0-0: Ball 1-0: Called Strike 1-1: Swinging Strike 1-2: Strikes out swinging
|
Batting: LHB Samuel Taves
|
0-0: Ball 1-0: Ball 2-0: Ball 3-0: Called Strike 3-1: Base on Balls Russ Aldrich to third Jerry Miller to second
|
Batting: RHB Michael Melton
|
0-0: Swinging Strike 0-1: Ball 1-1: Ball 2-1: Foul Ball, location: 2F 2-2: Ball 3-2: Base on Balls Russ Aldrich scores Jerry Miller to third Samuel Taves to second
|
Batting: SHB Rondin Johnson
|
0-0: Ball 1-0: Fly out, F6 (Flyball, 6MD, EV 92.5 MPH)
|
Batting: LHB David Showalter
|
0-0: Ball 1-0: Ball 2-0: Foul Ball, location: 2F 2-1: Foul Ball, location: 2F 2-2: Strikes out swinging
|
Top of the 7th over - 1 run, 2 hits, 0 errors, 3 left on base; Decatur 7 - Quincy 1 |
BOTTOM OF THE 7TH |
Quincy Cubs batting - Pitching for Decatur Commodores : RHP Ty Hubbard
|
Batting: RHB Andre Robertson
|
0-0: Ball 1-0: SINGLE (Groundball, 56D, EV 103.1 MPH)
|
Batting: RHB Tom Thurberg
|
0-0: Ball 1-0: Called Strike 1-1: SINGLE (Line Drive, 78S, EV 106.9 MPH) Andre Robertson to second
|
Batting: RHB James McIntyre
|
0-0: Foul Ball, location: 2F 0-1: Ground out 5-3 (Groundball, 56S, EV 68.8 MPH) Andre Robertson to third Tom Thurberg to second
|
Batting: RHB Paul Serna
|
0-0: Called Strike 0-1: SINGLE (Line Drive, 56, EV 108.1 MPH) Andre Robertson scores Tom Thurberg to third Runner from 3rd tries for Home, SAFE, throw by LF to home
|
Batting: RHB Randall Johnson
|
0-0: Foul Ball, location: 2F 0-1: Ball 1-1: Ball 2-1: Swinging Strike 2-2: Ball 3-2: Foul Ball, location: 2F 3-2: Foul Ball, location: 2F 3-2: Foul Ball, location: 2F 3-2: DOUBLE (Line Drive, 9LS, EV 97.5 MPH) Paul Serna to third Runner from 3rd tries for Home, SAFE, throw by RF to trailing runner, SAFE at third!
|
Pitching: RHP Denny Schafer
|
|
Batting: RHB Andrew Walker
|
0-0: SINGLE (Groundball, 4MS, EV 68.8 MPH) (infield hit) Randall Johnson scores
|
Batting: RHB Billy Best
|
0-0: Ball 1-0: Ball 2-0: Foul Ball, location: 2F 2-1: Foul Ball, location: 2F 2-2: Ball 3-2: Ground out 5-3 (Groundball, 56, EV 106.9 MPH) Andrew Walker to second
|
Batting: RHB Jack Ayer
|
0-0: Swinging Strike 0-1: Ball 1-1: Ball 2-1: SINGLE (Groundball, 4MD, EV 97.5 MPH) Andrew Walker to third Runner from 3rd tries for Home, SAFE, throw by CF to home
|
Batting: RHB Wes Clements
|
0-0: Called Strike 0-1: SINGLE (Line Drive, 8RS, EV 93.8 MPH) Jack Ayer to second Runner from 2nd tries for 3rd, SAFE, no throw by CF
|
Batting: RHB Andre Robertson
|
0-0: 3-RUN HOME RUN (Flyball, 78XD, EV 98.1 MPH), Distance : 429 ft
|
Pitching: RHP Larry Kuhn
|
|
Batting: RHB Tom Thurberg
|
0-0: Ball 1-0: Foul Ball, location: 2F 1-1: Ball 2-1: Foul Ball, location: 2F 2-2: Ball 3-2: Base on Balls
|
Batting: RHB James McIntyre
|
0-0: Ball 1-0: Called Strike Tom Thurberg steals 2nd base 1-1: Ball 2-1: Called Strike 2-2: Fly out, F8 (Flyball, 8RM, EV 85.0 MPH)
|
Bottom of the 7th over - 8 runs, 8 hits, 0 errors, 1 left on base; Decatur 7 - Quincy 9 |
TOP OF THE 8TH |
Decatur Commodores batting - Pitching for Quincy Cubs : RHP Carlos Williams
|
Pitching: RHP Philip Teston
|
|
Batting: SHB Daniel Wieser
|
0-0: Foul Ball, location: 2F 0-1: Ball 1-1: Fly out, F6 (Line Drive, 6, EV 68.1 MPH)
|
Batting: LHB Russ Laribee
|
0-0: Ball 1-0: Foul Ball, location: 2F 1-1: Foul Ball, location: 2F 1-2: Ball 2-2: Foul Ball, location: 2F 2-2: Strikes out looking
|
Batting: LHB Russ Aldrich
|
0-0: Ball 1-0: Ball 2-0: Swinging Strike 2-1: SINGLE (Flyball, 8RS, EV 95.6 MPH)
|
Batting: LHB Jerry Miller
|
0-0: Called Strike 0-1: Ground out 4-3 (Groundball, 34D, EV 83.8 MPH)
|
Top of the 8th over - 0 runs, 1 hit, 0 errors, 1 left on base; Decatur 7 - Quincy 9 |
BOTTOM OF THE 8TH |
Quincy Cubs batting - Pitching for Decatur Commodores : RHP Larry Kuhn
|
Batting: RHB Paul Serna
|
0-0: Ground out 5-3 (Groundball, 5L, EV 83.8 MPH)
|
Batting: RHB Randall Johnson
|
0-0: Ground out 1-3 (Groundball, 13S, EV 68.1 MPH)
|
Batting: RHB Andrew Walker
|
0-0: Called Strike 0-1: Swinging Strike 0-2: Ball 1-2: Ground out 6-3 (Groundball, 6, EV 98.1 MPH)
|
Bottom of the 8th over - 0 runs, 0 hits, 0 errors, 0 left on base; Decatur 7 - Quincy 9 |
TOP OF THE 9TH |
Decatur Commodores batting - Pitching for Quincy Cubs : RHP Philip Teston
|
Batting: LHB Tom Sohns
|
0-0: Called Strike 0-1: Ball 1-1: SINGLE (Groundball, 4MD, EV 109.4 MPH)
|
Batting: LHB Samuel Taves
|
0-0: Called Strike 0-1: Ball 1-1: Ball 2-1: Foul Ball, location: 2F 2-2: Ball 3-2: Foul Ball, location: 2F 3-2: Base on Balls Tom Sohns to second
|
Pinch Hitting: SHB Roger Holt
|
0-0: Sac Bunt to 2R - play at first, batter OUT! 2-3 Tom Sohns to third Samuel Taves to second
|
Batting: SHB Rondin Johnson
|
0-0: Foul Ball, location: 2F 0-1: Swinging Strike 0-2: Ball 1-2: Ground out U3 (Groundball, 3, EV 81.9 MPH)
|
Batting: LHB David Showalter
|
0-0: Called Strike 0-1: Swinging Strike 0-2: Ball 1-2: Ball 2-2: Strikes out swinging
|
Top of the 9th over - 0 runs, 1 hit, 0 errors, 2 left on base; Decatur 7 - Quincy 9 |
|